Map: Dusk Towers

Players

capac - Winner!

  • Race: Terran Terran
  • League: Gold

A.I. 1 (Elite)

  • Race: Terran Terran

VOD

Have the link to the VOD?

Description

Time

  • Played on: March 8, 2016, 1:07 p.m.
  • Length: 10:54
Show
View Real Time Build Order
Export as new Build Order

capac Terran - Winner!

Build Orders:  

Get SALT Encoding   

  12  0:02  SCV  
  13  0:14  SCV  
  14  0:19  Supply Depot  
  14  0:26  SCV  
  15  0:41  SCV  
  16  0:43  Barracks  
  16  0:46  Refinery  
  16  0:55  SCV  
  17  1:07  SCV  
  18  1:19  SCV  
  19  1:31  SCV, Barracks Reactor  
  20  1:37  Command Center  
  20  1:43  SCV  
  21  1:48  Supply Depot  
  21  2:00  Orbital Command  
  21  2:09  Marine x2  
  23  2:17  Factory  
  23  2:25  Refinery  
  23  2:29  SCV  
  24  2:32  Marine x2  
  26  2:41  SCV  
  27  2:50  Orbital Command  
  27  2:52  Marine x2  
  27  2:53  SCV  
  30  3:01  Factory Tech Lab  
  30  3:04  Starport  
  30  3:06  SCV  
  30  3:11  Marine x2  
  33  3:16  SCV  
  33  3:18  SCV  
  35  3:24  Siege Tank  
  38  3:28  SCV  
  38  3:30  SCV  
  40  3:36  Marine x2  
  42  3:41  Starport Reactor  
  42  3:45  Supply Depot, SCV x2  
  44  4:01  Marine x2  
  46  4:09  Engineering Bay  
  46  4:11  SCV x2  
  46  4:15  Supply Depot  
  46  4:16  Refinery  
  48  4:19  Marine x2  
  48  4:20  Medivac x2  
  54  4:29  SCV x2  
  56  4:41  SCV x2  
  56  4:43  Barracks  
  58  4:47  Siege Tank  
  58  4:52  Medivac  
  63  4:53  SCV x2  
  63  4:59  Supply Depot  
  65  5:04  Marine x2  
  65  5:05  SCV x2  
  69  5:14  Terran Infantry Weapons Level 1  
  69  5:17  SCV  
  69  5:18  Refinery  
  71  5:21  SCV  
  71  5:22  Supply Depot  
  71  5:24  Medivac x2  
  71  5:25  Marine  
  71  5:26  Marine  
  77  5:29  SCV  
  78  5:39  Barracks Tech Lab  
  78  5:42  Barracks  
  78  5:44  SCV x2  
  78  5:45  Siege Tank  
  78  5:48  Supply Depot  
  83  5:55  Supply Depot  
  83  5:59  Marine x3  
  83  6:02  Stimpack  
  83  6:03  Medivac  
  88  6:05  SCV x2  
  90  6:16  Supply Depot  
  90  6:17  SCV x2  
  92  6:20  Siege Tank  
  95  6:29  SCV x2  
  97  6:38  Barracks Reactor  
  96  6:47  Barracks  
  96  6:50  Marine, Command Center  
  96  6:51  Marine x2  
  102  6:54  Supply Depot, Siege Tank  
  102  6:58  Medivac x2  
  106  7:08  Marine x2  
  106  7:09  Marine  
  106  7:13  Terran Infantry Armor Level 1  
  106  7:14  Marine x2  
  106  7:15  Liberator  
  111  7:18  Liberator  
  111  7:26  Marine x3  
  114  7:31  Siege Tank  
  114  7:32  Marine x2  
  125  7:39  Marine  
  126  7:47  Supply Depot  
  126  7:48  Marine x3  
  129  7:56  Supply Depot  
  129  8:17  Liberator x2  
  129  8:24  Marine x4  
  129  8:27  Barracks Reactor  
  133  8:30  Barracks  
  133  8:40  Supply Depot  
  133  8:41  Supply Depot  
  139  8:45  Orbital Command  
  139  9:02  Siege Tank  
  142  9:08  Factory  
  142  9:09  Starport  
  141  10:32  Marine  
  141  10:33  Marine x6  
  148  10:36  Factory Tech Lab  
  148  10:37  Starport Reactor  
  148  10:44  Command Center  
Show
View Real Time Build Order
Export as new Build Order

A.I. 1 (Elite) Terran 

Build Orders: Mech 

Get SALT Encoding   

  12  0:00  SCV  
  13  0:13  SCV  
  14  0:19  Supply Depot  
  14  0:25  SCV  
  15  0:40  SCV  
  15  0:42  Barracks  
  16  0:52  SCV  
  17  1:04  SCV  
  18  1:16  Supply Depot  
  18  1:17  SCV  
  19  1:20  Refinery  
  19  1:28  Marine  
  19  1:29  SCV  
  21  1:41  SCV  
  21  1:46  Marine  
  23  1:50  Refinery  
  23  1:53  SCV  
  24  2:04  Marine  
  24  2:05  SCV  
  26  2:17  SCV  
  26  2:21  Factory  
  26  2:22  Marine  
  28  2:29  SCV  
  29  2:40  Marine  
  29  2:41  Factory, SCV  
  29  2:43  Supply Depot  
  31  2:54  Orbital Command  
  31  3:04  Marine  
  31  3:05  Factory Tech Lab  
  33  3:20  SCV  
  33  3:22  Marine  
  33  3:23  Command Center  
  33  3:25  Factory Tech Lab  
  34  3:32  SCV  
  35  3:44  SCV  
  36  3:56  SCV  
  36  3:59  Barracks  
  37  4:06  Supply Depot  
  37  4:08  SCV  
  38  4:20  SCV  
  39  4:27  Siege Tank x2  
  39  4:31  Supply Depot  
  45  4:32  SCV  
  45  4:35  Marine, SCV  
  48  4:41  Supply Depot  
  48  4:44  SCV  
  49  4:47  SCV  
  50  4:54  Barracks  
  50  4:56  SCV  
  50  4:59  Siege Tank x2, SCV  
  58  5:08  SCV  
  58  5:09  Supply Depot  
  58  5:11  SCV  
  60  5:16  Marine, Armory  
  60  5:21  SCV  
  62  5:23  SCV  
  63  5:31  Siege Tank  
  63  5:33  SCV  
  67  5:35  SCV  
  67  5:38  Supply Depot, Marine  
  69  5:45  Siege Tank, SCV  
  69  5:47  SCV  
  74  6:00  Barracks Tech Lab, Orbital Command  
  74  6:04  Terran Vehicle Weapons Level 1, Hellion  
  76  6:07  Command Center  
  76  6:17  Hellion  
  78  6:25  Hellion  
  80  6:37  Armory  
  80  6:39  Hellion  
  84  6:47  Hellion  
  84  6:51  Supply Depot  
  84  6:55  Factory  
  84  7:00  Hellion  
  86  7:19  Infernal Pre-Igniter  
  86  7:24  Terran Vehicle And Ship Armor Level 1  
  86  7:25  Marauder  
  86  7:28  Refinery, Orbital Command  
  88  7:30  Engineering Bay  
  88  7:40  Command Center  
  88  7:47  Marauder  
  90  7:57  Refinery  
  90  7:58  Terran Infantry Weapons Level 1  
  90  7:59  Missile Turret  
  90  8:05  Engineering Bay  
  90  8:09  Marauder  
  92  8:21  Missile Turret  
  92  8:30  Marauder  
  94  8:42  Siege Tank  
  97  8:52  SCV  
  97  8:53  SCV x3  
  101  9:04  SCV  
  101  9:05  Refinery, SCV  
  101  9:06  SCV x2  
  101  9:07  Missile Turret  
  101  9:09  Siege Tank  
  108  9:11  Missile Turret  
  108  9:17  SCV x2  
  109  9:18  SCV x2  
  109  9:22  Siege Tank  
  109  9:23  Marine  
  107  9:25  Marine  
  107  9:27  Marine  
  107  9:29  SCV  
  107  9:30  SCV  
  72  9:34  Hellion  
  73  9:38  SCV  
  73  9:41  Marine, SCV  
  73  9:42  Hellion, SCV  
  73  9:43  Marine  
  73  9:45  Marine  
  64  9:53  SCV  
  64  9:54  Hellion  
  64  9:59  Marine  
  53  10:06  Marine, SCV  
  45  10:20  SCV  
  45  10:23  Marine  
  45  10:26  SCV  
Tags
 
Composition
Mech
League
Gold
Matchup
TvT
Race
Terran
Add a new tag
Caveats
  • Supply blocks, unpowered buildings, or Contaminate may cause inaccurate times.
  • Supply counts are checked every 10 seconds.